 Dungeon Crawl Stone Soup version 0.21.1-1-g345015fe64 (webtiles) character file.

231 Fascinator the Ruffian (level 5, 0/40 HPs)
             Began as a Draconian Transmuter on July 6, 2018.
             Slain by Pikel
             ... wielding a +1 whip of freezing
              (1 damage)
             ... on level 4 of the Dungeon.
             The game lasted 00:08:30 (3483 turns).

Fascinator the Ruffian (Draconian Transmuter)       Turns: 3483, Time: 00:08:32

Health: 0/40       AC:  5    Str: 14    XL:     5   Next: 72%
Magic:  9/9        EV: 12    Int: 13    God:
Gold:   206        SH:  0    Dex: 11    Spells: 8/9 levels left

rFire    . . .     SeeInvis .     - Unarmed
rCold    . . .     Gourm    .   (no shield)
rNeg     . . .     Faith    .   (armour unavailable)
rPois    .         Spirit   .   (helmet restricted)
rElec    .         Reflect  .   (no cloak)
rCorr    .         Harm     .   (no gloves)
MR       .....                  (no boots)
Stlth    +.........             (no amulet)
HPRegen  0.13/turn              (no ring)
MPRegen  0.11/turn              (no ring)

@: appendage (expiring), slowed, very slow
A: unfitting armour, horns 2, cold-blooded, AC +5
a: End Transformation


You were on level 4 of the Dungeon.
You were very hungry.
You had grown temporary horns.
You visited 1 branch of the dungeon, and saw 4 of its levels.

You collected 206 gold pieces.

Inventory:

Missiles
 a - 32 arrows
Jewellery
 o - an uncursed ring of protection from cold {unknown}
 q - an uncursed amulet of regeneration {unknown}
Scrolls
 e - a scroll of fear {unknown}
 f - 2 scrolls of magic mapping {unknown}
 g - a scroll of remove curse {unknown}
 h - 4 scrolls of identify {unknown}
 p - a scroll of teleportation {unknown}
Potions
 d - 2 potions of might {unknown}
 i - 3 potions of mutation {unknown}
 j - a potion of ambrosia {unknown}
 k - a potion of cancellation {unknown}
 l - 3 potions of curing {unknown}
 m - a potion of lignification {unknown}
 n - a potion of agility {unknown}
 s - 2 potions of resistance {unknown}
Books
 b - a book of Changes

   Spells                             Type                      Level
   a - Beastly Appendage              Transmutation                1
   b - Sticks to Snakes               Transmutation                2
   c - Spider Form                    Transmutation/Poison         3
   d - Ice Form                       Ice/Transmutation            4
   e - Blade Hands                    Transmutation                5
Comestibles
 c - 5 rations


   Skills:
 + Level 1.5 Fighting
 + Level 2.4 Dodging
 + Level 4.9 Unarmed Combat
 + Level 2.9 Spellcasting
 + Level 3.1 Transmutations


You had 8 spell levels left.
You knew the following spells:

 Your Spells              Type           Power        Failure   Level  Hunger
a - Beastly Appendage     Tmut           ##....       6%          1    #......


Dungeon Overview and Level Annotations

Branches:
Dungeon (4/15)
 Temple: D:4-7

Altars:
Cheibriados

Annotations:
D:4 Pikel


Innate Abilities, Weirdness & Mutations

Your plain brown scales are hard. (AC +5)
You cannot fit into any form of body armour.
You are cold-blooded and may be slowed by cold attacks.
You have a pair of horns on your head.


Message History

The slave shouts!
Your tail-slap misses Pikel.
Pikel is heavily wounded.
You hear a shout!
Pikel hits you with a whip of freezing. Pikel freezes you.
You barely miss Pikel. Your headbutt misses Pikel.
Pikel is heavily wounded.
You hit Pikel but do no damage.
Your tail-slap misses Pikel.
Pikel is heavily wounded.
Pikel hits you with a whip of freezing.
You feel yourself slow down. Pikel freezes you.
* * * LOW HITPOINT WARNING * * *
You closely miss Pikel. You headbutt Pikel, but do no damage.
Pikel is heavily wounded.
Your transformation is almost over.
Pikel hits you with a whip of freezing!
* * * LOW HITPOINT WARNING * * *
You feel as though you will be slow longer.
Pikel freezes you.
You die...

............p...........##.#
.########.########.#######.#
........# #.# #.# #########
#K# #.# ########### #.# #.#
#.........# #.#######.#
#.........###.........#
+.<......)Kp...########
#........@####.# #.........#
#.# #.........# #.#
#.............# #.#
#.....######### #.# #.....
#.# #..... #.# #..... #.#
#!....


You could see Pikel and a slave.

Vanquished Creatures
  A slave (D:4)
  2 orc priests (D:3)
  A hound (D:4)
  A hound skeleton (D:4)
  3 adders
  A worm (D:2)
  4 dart slugs (D:1)
  3 leopard geckos
  7 orcs
  8 bats
  2 giant cockroaches
  5 goblins
  11 hobgoblins
  10 jackals
  3 quokkas
  2 ball pythons
  8 frilled lizards
  7 kobolds
  3 rats (D:1)
82 creatures vanquished.

Notes
Turn   | Place    | Note
-------+----------+-------------------------------------------
     0 | D:1      | Fascinator the Draconian Transmuter began the quest for the Orb.
     0 | D:1      | Reached XP level 1. HP: 16/16 MP: 3/3
   380 | D:1      | Reached XP level 2. HP: 22/23 MP: 3/5
   845 | D:1      | Reached XP level 3. HP: 25/28 MP: 4/6
  1094 | D:1      | You fall through a shaft!
  1102 | D:2      | Reached skill level 4 in Unarmed Combat
  1811 | D:1      | Reached XP level 4. HP: 34/35 MP: 7/7
  2568 | D:3      | Found a snail-covered altar of Cheibriados.
  2772 | D:3      | Reached XP level 5. HP: 40/40 MP: 9/9
  3129 | D:4      | Noticed a slave
  3130 | D:4      | Noticed a slave
  3167 | D:4      | Killed a slave
  3452 | D:4      | Noticed Pikel
  3480 | D:4      | Noticed a slave
  3483 | D:4      | HP: 1/40 [Pikel/whip of freezing (11)]
  3483 | D:4      | Slain by Pikel

Skill      XL: |  1  2  3  4  5 |
---------------+----------------+-----
Unarmed Combat | 4 |  4.9
Dodging        | 2 |  2.4
Transmutations | 3 |  3.1
Fighting       | |  1.5
Spellcasting   | |  2.9

Action                   |  1- 3 |  4- 6 || total
-------------------------+-------+-------++-------
Melee: Unarmed           |   185 |   160 ||   345
       Kick              |    13 |    19 ||    32
       Tailslap          |    11 |    10 ||    21
       Headbutt          |     7 |     2 ||     9
       Punch             |       |     1 ||     1
 Cast: Beastly Appendage |    21 |    16 ||    37
 Stab: Distracted        |       |     1 ||     1
  Eat: Chunk             |     2 |     6 ||     8
Armor: Skin              |    67 |    30 ||    97
Dodge: Dodged            |   134 |    83 ||   217
